 Dungeon Crawl Stone Soup version 0.23.2-30-g0e89c35649 (webtiles) character file.

Game seed: 16975099047098878751

245 Nordron the Chiller (level 6, -5/47 HPs)
             Began as a Merfolk Ice Elementalist on June 12, 2019.
             Killed from afar by Dowan (18 damage)
             ... with a shard of ice
             ... on level 4 of the Dungeon.
             The game lasted 00:13:17 (3037 turns).

Nordron the Chiller (Merfolk Ice Elementalist)      Turns: 3037, Time: 00:13:17

Health: -5/47      AC:  3    Str:  9    XL:     6   Next: 10%
Magic:  2/10       EV: 12    Int: 16    God:
Gold:   144        SH:  0    Dex: 14    Spells: 6/11 levels left

rFire    . . .     SeeInvis +   e - +1 dagger (venom)
rCold    . . .     Gourm    .   (no shield)
rNeg     . . .     Faith    .   m - +0 leather armour
rPois    +         Spirit   .   (no helmet)
rElec    .         Reflect  .   (no cloak)
rCorr    .         Harm     .   (no gloves)
MR       .....                  (no boots)
Stlth    ++........             n - amulet of regeneration
HPRegen  0.55/turn              f - ring of see invisible
MPRegen  0.12/turn              B - ring of poison resistance

@: very slightly contaminated
A: change form in water, swift swim, stealthy swim
a: no special abilities


You were on level 4 of the Dungeon.
You were not hungry.

You visited 1 branch of the dungeon, and saw 4 of its levels.

You collected 144 gold pieces.

Inventory:

Hand Weapons
 e - a +1 dagger of venom (weapon)
 j - a +0 spear
 v - a +4 dagger
Armour
 a - a +0 robe
 m - a +0 leather armour (worn)
Jewellery
 f - a ring of see invisible (left hand)
 n - an amulet of regeneration (around neck)
 x - an uncursed amulet of the acrobat
 B - a ring of poison resistance (right hand)
Wands
 z - a wand of random effects (7)
Scrolls
 b - a scroll of amnesia {unknown}
 d - a scroll of enchant weapon {unknown}
 g - 2 scrolls of identify
 i - 2 scrolls of random uselessness {unknown}
 l - a scroll of noise {unknown}
 p - 2 scrolls of enchant armour {unknown}
 s - a scroll of immolation {unknown}
 u - 2 scrolls of teleportation {unknown}
 y - 2 scrolls of remove curse {unknown}
Potions
 h - a potion of ambrosia {unknown}
 k - a potion of heal wounds {unknown}
 o - a potion of haste {unknown}
 q - a potion of might {unknown}
 r - a potion of curing {unknown}
 t - a potion of berserk rage {unknown}
 w - 2 potions of flight {unknown}
Comestibles
 c - 5 rations
 A - 2 chunks of flesh


   Skills:
 + Level 3.1 Fighting
 - Level 2.6 Dodging
 - Level 2.1 Stealth
 + Level 3.3 Spellcasting
   Level 0.7 Conjurations
 * Level 2.3 Summonings
 + Level 4.6 Ice Magic


You had 6 spell levels left.
You knew the following spells:

 Your Spells              Type           Power        Failure   Level  Hunger
a - Freeze                Ice            ###.         3%          1    None
b - Summon Ice Beast      Ice/Summ       ##......     52%         4    ####...

Your spell library contained the following spells:

 Spells                   Type           Power        Failure   Level  Hunger
 Throw Frost              Conj/Ice       ##....       13%         2    ##.....
 Ensorcelled Hibernation  Hex/Ice        ##....       16%         2    ##.....
 Corona                   Hex            #......      26%         1    None
 Ozocubu's Armour         Chrm/Ice       ##......     30%         3    ###....
 Dazzling Spray           Conj/Hex       #.....       54%         3    ###....
 Confuse                  Hex            #.......     61%         3    ###....
 Tukima's Dance           Hex            #.......     61%         3    ###....
 Throw Icicle             Conj/Ice       ##......     63%         4    ####...


Dungeon Overview and Level Annotations

Branches:
Dungeon (4/15)
 Temple: D:4-7

Altars:
Elyvilon
Yredelemnul

Annotations:
D:3 Grinder
D:4 Dowan


Message History

Confirm with . or Enter, or press ? or * to list all spells.
Aiming: Freeze (safe; 3% risk of failure)
Press: ? - help, Shift-Dir - straight line, f/p - Dowan
Aim: Dowan, wielding a +3 dagger of protection and wearing a +0 robe (moderately wounded, fast)
You freeze Dowan.
Dowan is heavily wounded.
Dowan misses you. x2
Press: ? - help, v - describe, . - travel
Here: Dowan, wielding a +3 dagger of protection and wearing a +0 robe (heavily wounded, fast)
The floor.
Casting: Freeze (safe; 3% risk of failure)
Confirm with . or Enter, or press ? or * to list all spells.
Aiming: Freeze (safe; 3% risk of failure)
Press: ? - help, Shift-Dir - straight line, f/p - Dowan
Aim: Dowan, wielding a +3 dagger of protection and wearing a +0 robe (heavily wounded, fast)
You freeze Dowan.
Dowan is severely wounded.
Dowan points at you and mumbles some strange words.
The shard of ice hits you!!
You die...

.#.# ..
#.#.#....
####.#.#....
#...........
#...........
#..^........
#..e.......#
#..@........
####.#.....
#.# ...
####.# .
#....#
#)####
##.####
#.e...#
######
#.....#
#<....


You could see Dowan.

Vanquished Creatures
  Duvessa (D:4)
  Jessica (D:2)
  Terence (D:3)
  Ijyb (D:4)
  A worm (D:2)
  A leopard gecko (D:2)
  6 orcs (D:3)
  A giant cockroach (D:2)
  11 goblins
  11 hobgoblins
  3 jackals (D:2)
  A quokka (D:3)
  2 ball pythons
  3 bats
  5 frilled lizards
  8 kobolds
  4 rats
61 creatures vanquished.

Notes
Turn   | Place    | Note
-------+----------+-------------------------------------------
     0 | D:1      | Nordron the Merfolk Ice Elementalist began the quest for
                  | the Orb.
     0 | D:1      | Reached XP level 1. HP: 13/13 MP: 3/3
   130 | D:1      | Reached XP level 2. HP: 18/20 MP: 1/5
   182 | D:1      | Reached skill level 1 in Fighting
   625 | D:1      | Reached XP level 3. HP: 26/26 MP: 4/6
  1025 | D:2      | Noticed Jessica
  1029 | D:2      | Killed Jessica
  1029 | D:2      | Reached skill level 4 in Ice Magic
  1029 | D:2      | Reached XP level 4. HP: 21/33 MP: 3/8
  1896 | D:2      | Learned a level 4 spell: Summon Ice Beast
  2264 | D:3      | Noticed Grinder
  2371 | D:3      | Paralysed by Grinder for 7 turns
  2476 | D:3      | Noticed Terence
  2477 | D:3      | Found a basalt altar of Yredelemnul.
  2484 | D:3      | Killed Terence
  2583 | D:3      | Reached skill level 1 in Summonings
  2589 | D:3      | Reached XP level 5. HP: 30/39 MP: 1/9
  2861 | D:3      | Found a white marble altar of Elyvilon.
  2951 | D:4      | Noticed Ijyb
  2958 | D:4      | Killed Ijyb
  3009 | D:4      | Noticed Dowan
  3015 | D:4      | Noticed Duvessa
  3026 | D:4      | Killed Duvessa
  3026 | D:4      | Reached XP level 6. HP: 7/47 MP: 4/10
  3037 | D:4      | Killed from afar by Dowan

Skill      XL: |  1  2  3  4  5 |
---------------+----------------+-----
Fighting       | 1 2 3 |  3.1
Ice Magic      | 4 |  4.6
Spellcasting   | 3 |  3.3
Summonings     | 1 2 |  2.3
Dodging        | |  2.6
Stealth        | |  2.1
Conjurations   | |  0.7

Action                   |  1- 3 |  4- 6 || total
-------------------------+-------+-------++-------
Melee: Unarmed           |     2 |       ||     2
       Dagger            |     7 |    14 ||    21
 Cast: Freeze            |    42 |    56 ||    98
  Use: Scroll            |       |     2 ||     2
 Stab: Sleeping          |       |     1 ||     1
  Eat: Chunk             |     1 |     6 ||     7
Armor: Robe              |     1 |     3 ||     4
       Leather armour    |       |     7 ||     7
Dodge: Dodged            |    19 |    30 ||    49
